 Dungeon Crawl Stone Soup version 0.30.1-11-g7821555f0a (webtiles) character file.

Game seed: 18042492683420499124

921 PaiMei the Purveyor of Pain (level 7, 0/53 HPs)
             Began as a Demonspawn Necromancer on Jan 8, 2024.
             Was an Initiate of Kikubaaqudgha.
             Slain by a gnoll
             ... wielding a +0 whip
              (4 damage)
             ... on level 5 of the Dungeon.
             The game lasted 00:11:01 (8295 turns).

PaiMei the Purveyor of Pain (DsNe)                  Turns: 8295, Time: 00:11:01

Health: 0/53       AC:  4    Str:  8    XL:     7   Next: 84%
Magic:  1/13       EV: 14    Int: 18    God:    Kikubaaqudgha [......]
Gold:   183        SH:  0    Dex: 20    Spells: 6/14 levels left

rFire   . . .        E - +4 short sword (venom)
rCold   . . .        (no shield)
rNeg    . . .        a - +0 robe
rPois   .            (no helmet)
rElec   .            D - +0 cloak
rCorr   .            (gloves unavailable)
SInv    .            (no boots)
Will    .....        (no amulet)
Stlth   +++          o - ring of wizardry
HPRegen 0.28/turn    r - +6 ring of dexterity
MPRegen 0.13/turn

%: wizardry (x1)
@: no status effects
A: claws 3, rugged brown scales 1
a: Renounce Religion


You were on level 5 of the Dungeon.
You worshipped Kikubaaqudgha.
Kikubaaqudgha was noncommittal.
You visited 2 branches of the dungeon, and saw 7 of its levels.

You collected 219 gold pieces.
You spent 36 gold pieces at shops.

Inventory:

Hand Weapons
 f - a +0 short sword
 n - a +2 flail of draining
 t - the +4 mace of Valiance {protect, rF+}
   (You found it on level 3 of the Dungeon)

   rF:        It protects you from fire.
 E - a +4 short sword of venom (weapon)
Missiles
 d - 10 poisoned darts (quivered)
Armour
 a - a +0 robe (worn)
 v - a +0 hat
 D - a +0 cloak (worn)
Jewellery
 o - a ring of wizardry (left claw)
 r - a +6 ring of dexterity (right claw)
Wands
 y - a wand of roots (7)
 C - a wand of polymorph (6)
Scrolls
 e - 4 scrolls of noise {unknown}
 g - a scroll of magic mapping {unknown}
 i - a scroll of silence {unknown}
 k - a scroll of brand weapon {unknown}
 l - 5 scrolls of identify {unknown}
 m - 4 scrolls of fog {unknown}
 q - 5 scrolls of teleportation
 w - 4 scrolls of vulnerability {unknown}
 z - a scroll of poison {unknown}
 A - 2 scrolls of amnesia {unknown}
 F - 2 scrolls of immolation {unknown}
Potions
 b - a potion of magic
 c - 2 potions of attraction
 h - 4 potions of flight {unknown}
 j - 4 potions of heal wounds
 p - a potion of curing {unknown}
 s - 3 potions of cancellation {unknown}
 u - a potion of lignification {unknown}
 x - a potion of ambrosia {unknown}
 B - a potion of berserk rage {unknown}
 G - a potion of might {unknown}


   Skills:
 + Level 3.4 Fighting
 + Level 4.3 Dodging
 - Level 3.0 Stealth
 + Level 4.4 Spellcasting
 + Level 6.6 Necromancy


You had 6 spell levels left.
You knew the following spells:

 Your Spells              Type           Power      Damage    Failure   Level
a - Necrotise             Necr           100%       1d9       1%          1
b - Vampiric Draining     Necr           27%        2d7       1%          3
c - Animate Dead          Necr           27%        N/A       3%          4

Your spell library contained the following spells:

 Spells                   Type           Power      Damage    Failure   Level
 Agony                    Necr           27%        N/A       11%         5


Dungeon Overview and Level Annotations

Branches:
Dungeon (6/15)             Temple (1/1) D:5

Altars:
Ashenzari
Cheibriados
Fedhas
Hepliaklqana
Kikubaaqudgha
Nemelex Xobeh
Okawaru
Qazlal
Ru
Sif Muna
Trog
Uskayaw
Vehumet
Wu Jian
Xom
Yredelemnul

Shops:
D:2 (!?(   D:5 (:

Annotations:
D:1 1 runed translucent door
D:3 Grinder


Innate Abilities, Weirdness & Mutations

You have claws for hands.
You are partially covered in rugged brown scales. (AC +1, +3% HP)


Message History

The gnoll hits you from afar with a +0 spear!
The gnoll shouts!
The ogre barely misses you.
The gnoll hits you from afar with a +0 spear.
The gnoll misses you. The gnoll hits you but does no damage.
You climb upwards.
There is a stone staircase leading down here.
Casting: Necrotise (safe; 1% risk of failure)
Confirm with . or Enter, or press ? or * to list all spells.
Aiming: Vampiric Draining (safe; 1% risk of failure)
Press: ? - help, Shift-Dir - straight line, f - ogre
Aim: an ogre, wielding a +0 giant club You draw life force from the ogre.
You feel life coursing into your body. The gnoll hits you with a +0 whip!
Casting: Vampiric Draining (safe; 1% risk of failure)
Confirm with . or Enter, or press ? or * to list all spells.
Aiming: Vampiric Draining (safe; 1% risk of failure)
Press: ? - help, Shift-Dir - straight line, f/p - ogre
Aim: an ogre, wielding a +0 giant club (moderately wounded)
You draw life force from the ogre.
You feel life coursing into your body.
The ogre hits you with a +0 giant club!!
The gnoll misses you.
Casting: Vampiric Draining (safe; 1% risk of failure)
Confirm with . or Enter, or press ? or * to list all spells.
Aiming: Vampiric Draining (safe; 1% risk of failure)
Press: ? - help, Shift-Dir - straight line, f/p - ogre
Aim: an ogre, wielding a +0 giant club (heavily wounded)
You draw life force from the ogre.
You feel life coursing into your body.
The ogre hits you with a +0 giant club!!
* * * LOW HITPOINT WARNING * * *
The gnoll barely misses you.
Casting: Vampiric Draining (safe; 1% risk of failure)
Confirm with . or Enter, or press ? or * to list all spells.
Aiming: Vampiric Draining (safe; 1% risk of failure)
Press: ? - help, Shift-Dir - straight line, f/p - ogre
Aim: an ogre, wielding a +0 giant club (heavily wounded)
You draw life force from the ogre.
You feel life coursing into your body. The gnoll hits you with a +0 whip.
You die...
Kikubaaqudgha rasps: "You have failed me!
Welcome... death!"

# #..........(........ #
#.......####.####### ##
#.#.##.## #.#
.#############.#.##.# #.# ##
..................#.# #.# #.
########.##.......#.# #.# #.
#.##.......#.# #.# #.
###.##......O#.# #.# #.
#...##.....@.#.# #.######.
#.####.....g.#.# #........
#.# #.......#.# ######..#
#.# ####.####.###########'#
#.# #.# #........##.... #.#
#.# ########<##.### #.# #.#
#..'.'># #.#
#.###########.##[###
#.#######........W[.W.##....


You could see an ogre and a gnoll.

Vanquished Creatures
  A phantom (D:5)
  Blork the orc (D:4)
  A bullfrog (D:5)
  A scorpion (D:5)
  A hound (D:4)
  A gnoll bouda (D:5)
  3 orc priests
  Crazy Yiuf (D:4)
  3 iguanas (D:5)
  6 orc wizards
  8 gnolls
  6 adders
  A shadow imp (D:5)
  An ufetubus (D:5)
  3 worms
  2 dart slugs
  16 orcs
  7 endoplasms
  7 giant cockroaches
  4 goblins
  8 hobgoblins
  3 kobolds (D:1)
  2 quokkas
  6 ball pythons
  6 bats
  5 frilled lizards
  7 rats
111 creatures vanquished.

Vanquished Creatures (collateral kills)
  2 ball pythons
  A rat (D:2)
3 creatures vanquished.

Grand Total: 114 creatures vanquished

Notes
Turn   | Place    | Note
-------+----------+-------------------------------------------
     0 | D:1      | PaiMei the Demonspawn Necromancer began the quest for the
                  | Orb.
     0 | D:1      | Reached XP level 1. HP: 13/13 MP: 3/3
     1 | D:1      | Found a runed translucent door.
   228 | D:1      | Gained mutation: You have sharp fingernails. [demonic
                  | ancestry]
   228 | D:1      | Reached XP level 2. HP: 19/19 MP: 0/5
   934 | D:2      | Gained mutation: You are partially covered in rugged brown
                  | scales. (AC +1, +3% HP) [demonic ancestry]
   934 | D:2      | Reached XP level 3. HP: 19/24 MP: 0/6
   938 | D:2      | Learned a level 3 spell: Vampiric Draining
  1588 | D:2      | Gained mutation: You have very sharp fingernails. [demonic
                  | ancestry]
  1588 | D:2      | Reached XP level 4. HP: 15/30 MP: 3/7
  1935 | D:2      | Reached skill level 5 in Necromancy
  2019 | D:2      | Found Biomenow's Weapon Boutique.
  2497 | D:2      | Found Zamo Fil's Magic Scroll Shop.
  2503 | D:2      | Bought a scroll of teleportation for 36 gold pieces
  2558 | D:2      | Found Zuub's Weapon Shoppe.
  2568 | D:2      | Found Poum's Distillery.
  2760 | D:2      | Learned a level 4 spell: Animate Dead
  2869 | D:3      | Reached XP level 5. HP: 36/36 MP: 2/9
  3247 | D:3      | Noticed a water elemental
  3250 | D:3      | Found a stormy altar of Qazlal.
  3252 | D:3      | Noticed an air elemental
  3253 | D:3      | Noticed a fire elemental
  3327 | D:3      | Found a broken altar of Ashenzari.
  3328 | D:3      | Identified the +4 mace of Valiance {protect, rF+}
  3660 | D:3      | Noticed Grinder
  4431 | D:3      | Found a faded altar of an unknown god.
  4588 | D:4      | Reached skill level 1 in Fighting
  4748 | D:4      | Noticed Blork the orc
  4757 | D:4      | Killed Blork the orc
  4758 | D:4      | Gained mutation: You have claws for hands. [demonic
                  | ancestry]
  4758 | D:4      | Reached XP level 6. HP: 31/44 MP: 2/11
  5893 | D:4      | Found a runed translucent door.
  5894 | D:4      | Noticed Crazy Yiuf
  5993 | D:4      | Killed Crazy Yiuf
  6315 | D:5      | Entered Level 5 of the Dungeon
  6331 | D:5      | Found Cibav Tusk's Book Boutique.
  6483 | D:5      | Found a staircase to the Ecumenical Temple.
  6522 | Temple   | Entered the Ecumenical Temple
  6550 | Temple   | Became a worshipper of Kikubaaqudgha
  6935 | D:5      | Reached skill level 6 in Necromancy
  6935 | D:5      | Reached XP level 7. HP: 36/52 MP: 1/12
  7384 | D:5      | Found a hazy altar of Hepliaklqana.
  7438 | D:5      | Found Hourr's Weapon Shop.
  7796 | D:5      | Found a basalt altar of Yredelemnul.
  8294 | D:5      | HP: 1/53 [ogre/+0 giant club (20)]
  8295 | D:5      | Slain by a gnoll

Illustrated notes

Levels and vault maps discovered:
D:1:      dpeg_arrival_caged_fury, layout_basic
D:2:      layout_loops_ring, serial_shops, shop, nicolae_shop_trees, shop,
          nicolae_shop_rolling_square, minmay_diced_spiral
D:3:      minmay_general_purpose_star, layout_loops_ring,
          nicolae_ashenzari_panopticon, nicolae_qazlal_style_of_elements,
          dreamdust_ecumenical_altar_statues, nicolae_elevator_lobby_asterisk,
          uniq_grinder
D:4:      layout_cave_pools, sigmund_army, uniq_crazy_yiuf_cottage,
          uniq_blork_the_orc
D:5:      layout_loops_ring, mainiacjoe_overflow_boulevard,
          nicolae_overflow_squiral, minmay_temple_entry_glassed_door,
          serial_shops, nicolae_shop_scrapyard, shop
D:6:      gammafunk_steamed_eel, layout_basic, serial_shops, shop_fountains,
          kennysheep_nub
Temple:   nicolae_temple_bog_church

Skill      XL: |  1  2  3  4  5  6  7 |
---------------+----------------------+-----
Stealth        | 2 3 |  3.0
Dodging        | 2 3 4 |  4.3
Necromancy     | 5 6 |  6.6
Spellcasting   | 3 4 |  4.4
Fighting       | 1 2 3 |  3.4

Action                     |  1- 3 |  4- 6 |  7- 9 || total
---------------------------+-------+-------+-------++-------
  Melee: Unarmed           |     4 |       |       ||     4
         Short sword       |     1 |     3 |    39 ||    43
         Flail             |       |     2 |       ||     2
         Mace              |       |    30 |       ||    30
         Punch             |       |       |     1 ||     1
   Cast: Necrotise         |    57 |   126 |     6 ||   189
         Vampiric Draining |       |    16 |    17 ||    33
         Animate Dead      |       |       |     1 ||     1
    Use: Potion            |       |     2 |       ||     2
 Armour: Robe              |       |    29 |    16 ||    45
         Skin              |       |     1 |       ||     1
  Dodge: Dodged            |    14 |    61 |    53 ||   128
